Map: Ulrena

Players

Soundwave - Winner!

  • Race: Zerg Zerg

A.I. 1 (Hard)

  • Race: Terran Terran

VOD

Have the link to the VOD?

Description

Time

  • Played on: Nov. 15, 2015, 1:25 p.m.
  • Length: 18:25
Show
View Real Time Build Order
Export as new Build Order

Soundwave Zerg - Winner!

Build Orders: Hatch First 

Get SALT Encoding   

  12  0:02  Drone  
  13  0:15  Drone  
  13  0:19  Overlord  
  14  0:40  Drone x3  
  17  0:55  Hatchery  
  16  1:12  Spawning Pool  
  15  1:26  Extractor  
  14  1:33  Drone x2  
  14  1:34  Drone  
  17  1:46  Drone  
  18  2:02  Drone  
  18  2:04  Queen  
  18  2:07  Queen  
  23  2:10  Overlord  
  23  2:28  Metabolic Boost  
  23  2:30  Drone  
  23  2:31  Drone  
  23  2:33  Spine Crawler  
  24  2:37  Extractor  
  24  2:38  Drone  
  24  2:40  Drone, Queen  
  27  2:44  Drone  
  28  3:04  Drone x5  
  28  3:05  Drone  
  34  3:16  Evolution Chamber  
  33  3:22  Baneling Nest  
  32  3:33  Drone  
  32  3:34  Drone x3  
  34  3:36  Overlord  
  34  3:38  Overlord  
  36  3:45  Lair  
  36  3:54  Spore Crawler  
  35  4:15  Zerg Melee Weapons Level 1  
  35  4:16  Zergling x6  
  38  5:11  Roach Warren, Zergling x14  
  38  5:12  Zergling x14  
  51  5:14  Hatchery  
  50  5:36  Baneling x2  
  50  5:37  Baneling x4  
  50  5:49  Drone x2  
  52  5:51  Overlord x4  
  52  5:59  Glial Reconstitution  
  52  6:07  Centrifical Hooks  
  52  6:08  Evolution Chamber  
  51  6:15  Drone  
  51  6:16  Drone x6, Infestation Pit  
  57  6:46  Zerg Melee Weapons Level 2  
  57  6:47  Zerg Ground Armor Level 1  
  57  6:48  Zergling x2  
  57  6:49  Zergling x12  
  57  6:50  Zergling x6  
  61  7:02  Baneling x3  
  61  7:03  Baneling x7  
  61  7:04  Baneling x2  
  61  7:06  Zergling x10  
  66  7:26  Drone x6, Extractor  
  66  7:27  Drone x3, Extractor  
  73  7:34  Hive  
  73  7:39  Drone x2  
  73  7:40  Drone  
  73  7:42  Drone  
  77  8:07  Drone x3  
  77  8:09  Drone x3  
  83  8:13  Drone x4  
  83  8:14  Drone x3  
  90  8:32  Extractor  
  89  8:34  Extractor  
  88  8:48  Burrow, Overlord  
  88  8:49  Overlord x7  
  88  8:50  Overlord x4  
  77  9:45  Swarm Host  
  95  9:50  Extractor  
  95  9:51  Hatchery  
  99  9:55  Extractor  
  99  9:56  Queen  
  100  10:01  Zerg Melee Weapons Level 3  
  100  10:06  Adrenal Glands  
  100  10:09  Overseer  
  100  10:19  Overseer  
  100  10:31  Queen  
  111  10:57  Spore Crawler  
  111  10:58  Spore Crawler  
  111  10:59  Spore Crawler  
  97  11:24  Queen  
  99  11:40  Hydralisk Den  
  99  11:41  Zerg Ground Armor Level 2  
  110  12:17  Ultralisk Cavern  
  109  12:26  Baneling  
  109  12:34  Zergling x6  
  109  12:35  Zergling x14  
  109  12:36  Zergling x14  
  126  13:15  Hydralisk x6  
  126  13:16  Hydralisk x7  
  126  13:17  Hydralisk x5  
  162  13:48  Zerg Missile Weapons Level 1, Chitinous Plating  
  162  13:51  Ultralisk x2  
  174  13:57  Ultralisk  
  116  14:33  Ultralisk x2  
  116  14:36  Zergling x4  
  116  14:37  Zergling x14  
  116  14:38  Zergling x10  
  141  14:39  Zergling x2  
  141  15:14  Hydralisk x5  
  140  15:15  Hydralisk x4  
  158  15:26  Hydralisk  
  158  15:27  Hydralisk  
  158  15:28  Hydralisk  
  152  15:54  Hydralisk x2  
  152  15:55  Hydralisk x4  
  149  16:11  Hydralisk x3  
  149  16:12  Hydralisk  
  163  17:00  Hydralisk x2  
  167  17:02  Zergling x2  
Show
View Real Time Build Order
Export as new Build Order

A.I. 1 (Hard) Terran 

Build Orders: Bio Tank, MMM Bio 

Get SALT Encoding   

  12  0:00  SCV  
  13  0:13  SCV  
  14  0:20  Supply Depot  
  14  0:25  SCV  
  15  0:41  SCV  
  16  0:44  Barracks  
  16  0:48  Refinery  
  16  0:53  SCV  
  17  1:05  SCV  
  18  1:18  SCV  
  19  1:21  Supply Depot  
  19  1:30  SCV  
  19  1:32  Marine  
  21  1:42  Barracks  
  21  1:43  Orbital Command  
  21  1:49  Refinery  
  21  1:50  Barracks Tech Lab  
  21  2:07  Supply Depot  
  21  2:08  Marine  
  22  2:26  Marine  
  23  2:30  Marine  
  24  2:44  Marine  
  24  2:48  Marine  
  24  2:49  Supply Depot  
  26  3:02  Marine  
  27  3:07  Marine  
  27  3:10  SCV  
  29  3:18  Supply Depot  
  29  3:19  Marine  
  29  3:23  SCV  
  29  3:25  Marine  
  32  3:32  Engineering Bay  
  32  3:35  SCV  
  32  3:38  Marauder  
  35  3:44  Marine  
  35  3:47  SCV  
  37  3:59  SCV, Marine  
  39  4:11  SCV  
  40  4:17  Marauder  
  42  4:38  Marauder  
  46  5:00  Marauder  
  48  5:21  Marauder  
  47  6:30  Barracks Tech Lab  
  47  6:31  Terran Infantry Weapons Level 1, Stimpack  
  47  6:33  Factory  
  47  6:36  Factory  
  47  6:38  Missile Turret  
  47  6:39  Supply Depot  
  47  6:40  Command Center, Missile Turret  
  47  6:43  Barracks  
  46  6:47  Combat Shields  
  46  6:56  Marine  
  25  7:02  Bunker  
  25  7:04  Marine  
  26  7:14  Marine  
  27  7:16  Factory Tech Lab  
  27  7:18  Starport  
  27  7:21  Factory Tech Lab, Starport  
  27  7:22  Marine  
  27  7:32  Marauder  
  27  7:35  Marine  
  30  7:43  Marine  
  31  7:53  SCV  
  31  7:54  Marauder  
  31  7:55  SCV  
  31  7:56  Refinery  
  35  7:59  Missile Turret  
  35  8:02  Marauder  
  35  8:04  Missile Turret  
  35  8:05  SCV  
  38  8:06  Sensor Tower, Concussive Shells  
  38  8:07  SCV, Marine  
  40  8:15  Marine  
  40  8:17  SCV  
  40  8:18  Refinery  
  40  8:19  SCV  
  43  8:21  Armory, Starport Tech Lab  
  43  8:22  Starport Tech Lab  
  43  8:23  Marine  
  43  8:25  Bunker  
  43  8:26  Terran Infantry Armor Level 1  
  44  8:28  Barracks Reactor  
  44  8:29  SCV  
  44  8:31  Siege Tank  
  44  8:32  SCV  
  49  8:38  Widow Mine  
  49  8:40  Raven  
  49  8:41  SCV, Raven  
  55  8:44  SCV  
  57  8:54  SCV  
  58  8:56  SCV  
  59  9:03  Siege Tank  
  59  9:05  Marine  
  59  9:06  SCV  
  59  9:08  SCV  
  52  9:13  Marine  
  51  9:18  SCV  
  51  9:21  SCV, Marine  
  54  9:29  Marine  
  54  9:30  SCV  
  56  9:33  SCV  
  56  9:37  Marine  
  58  9:42  SCV  
  59  9:46  SCV  
  59  9:47  Marauder  
  59  9:50  Supply Depot  
  59  9:52  Marine  
  63  10:00  Marine  
  64  10:08  Marine  
  65  10:16  Marine  
  66  10:24  Marauder  
  68  10:32  Marauder  
  68  10:34  Widow Mine, Medivac x2  
  76  10:36  Supply Depot  
  76  10:38  Reaper  
  76  10:41  Command Center, Reaper  
  78  10:45  Marine  
  79  10:53  Marine  
  80  11:01  Supply Depot  
  80  11:03  Marine  
  81  11:04  Raven, Medivac  
  81  11:06  Ghost Academy  
  81  11:07  Terran Infantry Weapons Level 2  
  81  11:10  Reaper  
  86  11:11  Reaper  
  86  11:13  Marine  
  85  11:21  Marine  
  83  11:29  Supply Depot  
  83  11:30  Marine  
  84  11:33  Terran Vehicle Weapons Level 1  
  84  11:39  Marine  
  85  11:42  Marine  
  85  11:43  Ghost  
  88  11:48  Marine  
  88  11:51  Fusion Core  
  88  11:53  SCV  
  90  11:55  SCV  
  90  11:56  SCV, Marine  
  90  12:00  Marine  
  94  12:03  Missile Turret  
  94  12:05  SCV  
  94  12:06  Marine  
  94  12:08  SCV  
  97  12:09  SCV, Missile Turret  
  97  12:11  Marine  
  97  12:15  Marauder  
  101  12:18  SCV  
  101  12:20  SCV  
  101  12:21  SCV, Engineering Bay  
  104  12:30  Armory, SCV  
  104  12:32  SCV  
  104  12:33  Bunker  
  104  12:34  SCV  
  107  12:46  Terran Infantry Armor Level 2  
  107  13:12  Refinery  
  107  13:16  Reaper  
  107  13:17  Refinery, Terran Ship Weapons Level 1  
  107  13:20  Marauder  
  107  13:27  Terran Vehicle And Ship Armor Level 1  
  107  13:35  SCV  
  107  13:37  SCV  
  107  13:39  SCV  
  110  13:58  Banshee  
  110  13:59  Terran Infantry Weapons Level 3  
  110  14:01  Supply Depot  
  110  14:02  Marauder  
  115  14:04  Command Center  
  115  14:05  Marauder  
  115  14:07  Banshee  
  114  14:10  Siege Tank  
  114  14:14  Siege Tank  
  114  14:16  Marine  
  108  14:22  Marine  
  108  14:23  Marauder  
  97  14:26  Marine  
  88  14:34  Marine  
  85  14:40  Marine  
  85  14:41  Raven  
  85  14:42  Widow Mine  
  85  14:43  Marine  
  85  14:44  Marine  
  92  14:49  Thor  
  92  14:50  Raven  
  92  14:52  Marine  
  101  14:58  Marine  
  102  15:01  Marine  
  102  15:03  Marauder  
  103  15:10  Supply Depot, Marine  
  103  15:11  Widow Mine  
  95  15:15  Marine  
  95  15:17  SCV  
  95  15:19  SCV  
  95  15:20  SCV, Marauder  
  94  15:22  SCV  
  94  15:24  Raven, Marauder  
  94  15:27  Refinery, Marine  
  83  15:29  SCV  
  83  15:31  SCV, Refinery  
  83  15:32  SCV  
  83  15:33  Hellion, Marine  
  83  15:34  SCV, Viking  
  63  15:40  Marine  
  63  15:41  SCV  
  60  15:43  Siege Tank  
  60  15:45  Marine  
  60  15:46  SCV, Marine  
  58  15:51  Marine  
  54  15:58  Marine  
  54  16:03  Marine x2  
  39  16:07  Viking  
  39  16:09  Command Center, Marine  
  36  16:15  Hellion  
  36  16:17  Marauder  
  37  16:21  Marauder  
  27  16:48  SCV  
  27  16:53  SCV  
  21  16:57  Command Center  
  18  17:15  SCV  
  12  17:21  SCV  
  13  17:27  SCV  
  13  17:28  Command Center  
  14  17:33  SCV  
Tags
 
Composition
Bio TankMMM Bio
Matchup
TvZ
Replay Pack
First Pack
Add a new tag
Caveats
  • Supply blocks, unpowered buildings, or Contaminate may cause inaccurate times.
  • Supply counts are checked every 10 seconds.